 Dungeon Crawl Stone Soup version 0.29-a0-1039-gfc20370e89 (webtiles) character file.

Game seed: 12225729386787740328

7 BritishOli the Trooper (level 1, 0/18 HPs)
             Began as a Demonspawn Fighter on Aug 15, 2022.
             Slain by a kobold
             ... wielding a +0 spear
              (3 damage)
             ... on level 1 of the Dungeon.
             The game lasted 00:00:42 (123 turns).

BritishOli the Trooper (Demonspawn Fighter)          Turns: 123, Time: 00:00:43

Health: 0/18       AC:  6    Str: 16    XL:     1   Next: 83%
Magic:  1/1        EV:  8    Int:  9    God:
Gold:   0          SH:  4    Dex: 12    Spells: 0/0 levels left

rFire   . . .      SeeInvis .   a - +0 long sword
rCold   . . .      Faith    .   c - +0 buckler
rNeg    . . .      Spirit   .   b - +0 scale mail
rPois   .          Reflect  .   (no helmet)
rElec   .          Harm     .   (no cloak)
rCorr   .          Rampage  .   (no gloves)
Will    .....                   (no boots)
Stlth   ..........              (no amulet)
HPRegen 0.06/turn               (no ring)
MPRegen 0.07/turn               (no ring)

@: no status effects
A: no striking features
a: no special abilities


You were on level 1 of the Dungeon.
You visited 1 branch of the dungeon, and saw 1 of its levels.

Inventory:

Hand Weapons
 a - a +0 long sword (weapon)
Armour
 b - a +0 scale mail (worn)
 c - a +0 buckler (worn)
Potions
 d - a potion of might


   Skills:
 + Level 3.1 Fighting
 + Level 1.9 Long Blades
 + Level 2.8 Armour
 + Level 2.8 Shields


You couldn't memorise any spells.
You didn't know any spells.
Your spell library was empty.

Dungeon Overview and Level Annotations

Branches:
Dungeon (1/15)

Altars:


Message History

You miss the quokka. The quokka closely misses you.
The kobold hits you with a +0 spear.
* * * LOW HITPOINT WARNING * * *
The quokka completely misses you.
There are monsters nearby!
There are monsters nearby!
You are too injured to fight recklessly!
The kobold barely misses you. The quokka misses you.
The quokka attacks as you move away!
The quokka bites you but does no damage.
The quokka attacks as you move away!
The quokka bites you but does no damage.
The quokka closely misses you. You block the quokka's attack.
You hit the quokka but do no damage.
The quokka bites you but does no damage.
You block the kobold's attack.
You miss the quokka. The quokka barely misses you.
You block the kobold's attack.
The quokka bites you but does no damage.
You closely miss the quokka. The kobold barely misses you.
You block the quokka's attack.
You closely miss the quokka. The quokka closely misses you.
The kobold closely misses you. The quokka closely misses you.
The kobold barely misses you.
You hit the quokka.
The quokka is moderately wounded.
The quokka bites you but does no damage.
You block the kobold's attack. The quokka barely misses you.
You hit the quokka.
The quokka is severely wounded.
You block the kobold's attack. You block the quokka's attack.
The kobold hits you but does no damage.
You barely miss the quokka.
The quokka is severely wounded.
The quokka bites you.
* * * LOW HITPOINT WARNING * * *
The quokka completely misses you.
The kobold hits you from afar with a +0 spear.
You die...

####################### ♣♣♣
......................# #♣<♣#
........#############.###8.8#
........####### #...##'##
.......).....>## #.#)...#
.......†#####..######.######
..........Kr@......##.#
..........####.###.##.#
..........#.!#..(# ..#
#######...#..#...# ###
#.#......# # #.....###......#
#####.# ..#..#.# #.#)..#[.#
#.###)# ##


You could see a quokka and a kobold.

Vanquished Creatures
  2 endoplasms (D:1)
  A goblin (D:1)
  A hobgoblin (D:1)
  2 bats (D:1)
6 creatures vanquished.

Notes
Turn   | Place    | Note
-------+----------+-------------------------------------------
     0 | D:1      | BritishOli the Demonspawn Fighter began the quest for the
                  | Orb.
     0 | D:1      | Reached XP level 1. HP: 18/18 MP: 1/1
   123 | D:1      | Slain by a kobold

Illustrated notes

Levels and vault maps discovered:
D:1:      saegor_arrival_simple_b, layout_basic, minmay_octomino_c4

Action                   || total
-------------------------++-------
Melee: Long sword        ||    25
Armor: Scale mail        ||    24
Dodge: Dodged            ||    27
Block: Buckler           ||    12

Table legend: (Time is in decaauts)
 A = Elapsed time spent in this place.
 B = Non-inter-level travel time spent in this place.
 C = Inter-level travel time spent in this place.
 D = Time resting spent in this place.
 E = Time spent auto-exploring this place.
 F = Levels seen in this place.
 G = Mean time per level.
                   A        B        C        D        E       F      G
               +--------+--------+--------+--------+--------+-----+--------+
         Total |    131 |    131 |      0 |      0 |     81 |   1 |  131.0 |
       Dungeon |    131 |    131 |      0 |      0 |     81 |   1 |  131.0 |
               +--------+--------+--------+--------+--------+-----+--------+

Top non-repeatable levels by time:
     D:1: 131 daAuts
